 Dungeon Crawl Stone Soup version 0.17-a0-2055-gb4e23be (webtiles) character file.

60 radek the Skirmisher (level 3, 0/29 HPs)
             Began as a Demonspawn Berserker on Oct 11, 2015.
             Was a Believer of Trog.
             Slain by Terence
             ... wielding a +0 hand axe
              (5 damage)
             ... on level 2 of the Dungeon.
             The game lasted 00:08:39 (1997 turns).

radek the Skirmisher (Demonspawn Berserker)         Turns: 1997, Time: 00:08:39

Health: 0/29       AC:  6    Str: 18    XL:     3   Next: 80%
Magic:  3/3        EV: 11    Int:  8    God:    Trog [**....]
Gold:   92         SH:  0    Dex: 12    Spells: 0 memorised, 2 levels left

rFire  . . .     SeeInvis .     j - +0 hand axe
rCold  + . .     Clarity  .     k - +0 ring mail (curse)
rNeg   . . .     SustAt   .     (no shield)
rPois  .         Gourm    .     (no helmet)
rElec  .         Spirit   .     (no cloak)
rCorr  .         Warding  .     (no gloves)
rMut   .         Stasis   +     (no boots)
MR     .....                    l - amulet of stasis
Stlth  +.........               (no ring)
                                (no ring)

@: not resistant to hostile enchantments, very unstealthy
A: rugged brown scales 1, cold resistance 1
a: Burn Spellbooks, Berserk, Trog's Hand, Renounce Religion


You were on level 2 of the Dungeon.
You worshipped Trog.
Trog was pleased with you.
You were not hungry.

You visited 1 branch of the dungeon, and saw 2 of its levels.

You collected 92 gold pieces.

Inventory:

Hand Weapons
 a - a +0 falchion
 j - a +0 hand axe (weapon)
Armour
 b - a +0 animal skin
 k - a cursed +0 ring mail (worn)
Jewellery
 l - an amulet of stasis (around neck)
Scrolls
 d - a scroll of recharging {unknown}
 e - a scroll of amnesia {unknown}
 f - a scroll of enchant weapon {unknown}
 i - a scroll of blinking {unknown}
 o - 4 scrolls of immolation {unknown}
 q - a scroll of identify {unknown}
 r - a scroll of teleportation {unknown}
 t - a scroll of remove curse {unknown}
Potions
 m - a potion of lignification {unknown}
 n - 2 potions of brilliance {unknown}
 p - 2 potions of degeneration {unknown}
 s - a potion of haste {unknown}
Comestibles
 c - 2 bread rations
 h - a beef jerky


   Skills:
 + Level 3.5 Fighting
 + Level 3.4 Long Blades
 + Level 2.0 Armour
 + Level 2.1 Dodging
 + Level 1.0 Stealth


You had 2 spell levels left.
You didn't know any spells.

Dungeon Overview and Level Annotations

Branches:
Dungeon (2/15)

Altars:

Annotations:
D:2 Terence


Innate Abilities, Weirdness & Mutations

You are partially covered in rugged brown scales (AC +1, +3% HP).
Your flesh is cold resistant.


Message History

You barely miss something. Something hits you. Something hits you.
You barely miss something. Something hits you but does no damage.
You hit something. Something hits you.
You closely miss something. Something hits you but does no damage.
You hit something but do no damage. Something hits you but does no damage.
You closely miss something. Something hits you but does no damage.
You hit something but do no damage. Something hits you but does no damage.
You miss something. Something hits you but does no damage.
All of the chunks of flesh in your inventory have rotted away.
You hit something but do no damage. Something hits you but does no damage.
Something hits you.
* * * LOW HITPOINT WARNING * * *
You hit something. Something hits you.
* * * LOW HITPOINT WARNING * * *
You closely miss something. Something hits you but does no damage.
You hit something but do no damage. Something hits you.
* * * LOW HITPOINT WARNING * * *
You barely miss something. Something hits you but does no damage.
You hit something but do no damage. Something hits you.
You die...

#### ...# .##.# ######.##.#
# # #...... #.# #
###.#########....####.## #
........w{@............## #
###.##...####....####...###
.......................†..
##.##...####....####......
# #...# #....# ####.##
#...# #.#### #..# #...# #.#
##.# ....# #.# .... ...###
#.# ...


You could see a worm.

Vanquished Creatures
  2 gnolls (D:1)
  A worm (D:1)
  4 bats
  2 giant cockroaches (D:1)
  5 hobgoblins
  5 jackals (D:1)
  2 kobolds (D:1)
  A quokka (D:2)
  4 ball pythons (D:1)
  2 giant newts (D:1)
  4 goblins
  4 rats
36 creatures vanquished.

Notes
Turn   | Place    | Note
--------------------------------------------------------------
     0 | D:1      | radek the Demonspawn Berserker began the quest for the Orb.
     0 | D:1      | Reached XP level 1. HP: 18/18 MP: 1/1
    43 | D:1      | Gained mutation: Your flesh is cold resistant. [demonic ancestry]
    43 | D:1      | Reached XP level 2. HP: 13/24 MP: 2/2
   982 | D:1      | Gained mutation: You are partially covered in rugged brown scales (AC +1, +3% HP). [demonic ancestry]
   982 | D:1      | Reached XP level 3. HP: 24/29 MP: 3/3
  1451 | D:1      | Acquired Trog's second power
  1792 | D:2      | Reached skill level 1 in Stealth
  1970 | D:2      | Noticed Terence
  1997 | D:2      | Slain by Terence

Vault maps used:
D:1:      dpeg_arrival_short_road, grunt_decor_resistance, st_stairs_1
D:2:      minmay_bad_closet, uniq_terence

Action                   || total
-------------------------++-------
Melee: Falchion          ||    68
       Hand axe          ||    73
Invok: Berserk           ||     3
 Stab: Distracted        ||     2
       Sleeping          ||     3
  Eat: Chunk             ||     2
       Bread ration      ||     1
